 Dungeon Crawl Stone Soup version 0.30-a0-930-gb9d0489357 (webtiles) character file.

Game seed: 15626270144296636757

28 mopl the Sneak (level 3, 0/16 HPs)
             Began as a Vine Stalker Enchanter on Mar 23, 2023.
             Slain by a gnoll
             ... wielding a +0 club
              (2 damage)
             ... on level 2 of the Dungeon.
             The game lasted 00:01:04 (676 turns).

mopl the Sneak (Vine Stalker Enchanter)              Turns: 676, Time: 00:01:04

Health: 0/16       AC:  2    Str: 10    XL:     3   Next: 14%
Magic:  0/7        EV: 12    Int: 17    God:
Gold:   40         SH:  0    Dex: 14    Spells: 2/7 levels left

rFire   . . .      SeeInvis .    a - +1 dagger
rCold   . . .      Faith    .    (no shield)
rNeg    . . .      Spirit   +    b - +0 robe
rPois   .          Reflect  .    (no helmet)
rElec   .          Rampage  .    (no cloak)
rCorr   .                        (no gloves)
Will    .....                    (no boots)
Stlth   +++                      (no amulet)
HPRegen 0.22/turn                (no ring)
MPRegen 0.10/turn                (no ring)

@: no status effects
A: fangs 2, magic shield, antimagic bite, no potion heal 2
a: no special abilities


You were on level 2 of the Dungeon.
You visited 1 branch of the dungeon, and saw 2 of its levels.

You collected 40 gold pieces.

Inventory:

Hand Weapons
 a - a +1 dagger (weapon)
Missiles
 e - 3 poisoned darts
Armour
 b - a +0 robe (worn)
 i - a +0 helmet
Scrolls
 d - a scroll of blinking {unknown}
 f - a scroll of identify {unknown}
Potions
 c - 2 potions of invisibility
 g - a potion of attraction {unknown}
 h - a potion of brilliance {unknown}


   Skills:
 + Level 1.4 Short Blades
 - Level 1.5 Dodging
 + Level 4.2 Stealth
 + Level 2.6 Spellcasting
 + Level 3.3 Hexes


You had 2 spell levels left.
You knew the following spells:

 Your Spells              Type           Power      Damage    Failure   Level
b - Ensorcelled Hibernat  Hex/Ice        14%        N/A       14%         2
c - Confusing Touch       Hex            13%        N/A       14%         3

Your spell library contained the following spells:

 Spells                   Type           Power      Damage    Failure   Level
 Tukima's Dance           Hex            13%        N/A       14%         3
 Dazzling Flash           Conj/Hex       14%        N/A       28%         3


Dungeon Overview and Level Annotations

Branches:
Dungeon (2/15)

Altars:


Innate Abilities, Weirdness & Mutations

You have extremely sharp teeth.
When hurt, damage is shared between your health and your magic reserves.
Your bite disrupts and absorbs the magic of your enemies.
Potions cannot restore your health.


Message History

A gnoll comes into view. It is wielding a +0 club.
You hit the kobold.
The kobold is severely wounded.
The kobold hits you with a +0 short sword.
You hit the kobold.
You kill the kobold!
The frilled lizard misses you.
You hit the frilled lizard.
You kill the frilled lizard!
The rat closely misses you.
You see here a frilled lizard corpse.
The rat attacks as you move away! The rat barely misses you.
You barely miss the rat. The rat bites you.
You barely miss the rat. You bite the rat.
You kill the rat!
The gnoll resists with some effort.
The gnoll hits you with a +0 club.
The gnoll resists with some effort.
The gnoll hits you with a +0 club.
You are too injured to fight recklessly!
You are too injured to fight recklessly!
You are too injured to fight recklessly!
You hit the gnoll. Your bite misses the gnoll.
The gnoll is lightly wounded.
The gnoll hits you with a +0 club.
You hit the gnoll.
The gnoll is moderately wounded.
The gnoll hits you with a +0 club!
* * * LOW HITPOINT WARNING * * *
You hit the gnoll but do no damage.
The gnoll is moderately wounded.
The gnoll barely misses you.
You hit the gnoll. Your bite misses the gnoll.
The gnoll is heavily wounded.
The gnoll closely misses you.
You hit the gnoll.
The gnoll is severely wounded.
The gnoll misses you.
You hit the gnoll. Your bite misses the gnoll.
The gnoll is almost dead.
The gnoll hits you with a +0 club.
You die...

....... #.....#
.....#>#
#####...##.#
#.....).##.#
#..##.# #†....##
#g###...? #@###†##.
#_.##.# #.....#
#..########..### #
#.....<....######.#
#########.........#
#........####
#....###.#####
#.##.# #...).#


You could see a gnoll.

Vanquished Creatures
  2 bats
  2 endoplasms (D:1)
  4 goblins (D:1)
  A hobgoblin (D:1)
  2 quokkas
  3 ball pythons
  2 frilled lizards
  7 kobolds
  3 rats
26 creatures vanquished.

Notes
Turn   | Place    | Note
-------+----------+-------------------------------------------
     0 | D:1      | mopl the Vine Stalker Enchanter began the quest for the
                  | Orb.
     0 | D:1      | Reached XP level 1. HP: 9/9 MP: 4/4
    54 | D:1      | Reached skill level 1 in Short Blades
   155 | D:1      | Reached XP level 2. HP: 9/13 MP: 3/6
   158 | D:1      | Learned a level 2 spell: Ensorcelled Hibernation
   248 | D:1      | Reached skill level 4 in Stealth
   590 | D:2      | Found a faded altar of an unknown god.
   609 | D:2      | Reached XP level 3. HP: 12/16 MP: 4/7
   626 | D:2      | Learned a level 3 spell: Confusing Touch
   676 | D:2      | Slain by a gnoll

Illustrated notes

Levels and vault maps discovered:
D:1:      roderic_crop_circles_arrival_small, layout_basic
D:2:      layout_rooms, basic_ecumenical_altar, guppyfry_early_orc_mine

Skill      XL: |  1  2 |
---------------+-------+-----
Short Blades   | 1 |  1.4
Stealth        | 4 |  4.2
Dodging        | |  1.5
Spellcasting   | |  2.6
Hexes          | |  3.3

Action                     || total
---------------------------++-------
  Melee: Dagger            ||    81
         Bite              ||    20
         Punch             ||     2
   Cast: Ensorcelled Hiber ||     2
   Stab: Sleeping          ||     5
 Armour: Robe              ||     8
  Dodge: Dodged            ||    41

Table legend: (Time is in decaauts)
 A = Elapsed time spent in this place.
 B = Non-inter-level travel time spent in this place.
 C = Inter-level travel time spent in this place.
 D = Time resting spent in this place.
 E = Time spent auto-exploring this place.
 F = Levels seen in this place.
 G = Mean time per level.
                   A        B        C        D        E       F      G
               +--------+--------+--------+--------+--------+-----+--------+
         Total |    671 |    612 |     59 |      0 |    400 |   2 |  335.5 |
       Dungeon |    671 |    612 |     59 |      0 |    400 |   2 |  335.5 |
               +--------+--------+--------+--------+--------+-----+--------+

Top non-repeatable levels by time:
     D:1: 575 daAuts
     D:2: 95 daAuts
